 Dungeon Crawl Stone Soup version 0.29.0-4-gdea44cf6ec (webtiles) character file.

Game seed: 7388369897498043102

2779 qw the Cleaver (level 9, 0/55 HPs)
             Began as a Gargoyle Fighter on Sept 10, 2022.
             Was a Believer of Okawaru.
             Engulfed by a cloud of flame (14 damage)
             ... on level 5 of the Dungeon.
             The game lasted 00:02:22 (6356 turns).

qw the Cleaver (Gargoyle Fighter)                   Turns: 6356, Time: 00:02:23

Health: 0/55       AC: 21    Str: 23    XL:     9   Next: 70%
Magic:  12/12      EV:  9    Int: 10    God:    Okawaru [**....]
Gold:   140        SH:  9    Dex:  9    Spells: 8/8 levels left

rFire   . . .      SeeInvis .   Y - +4 war axe
rCold   . . .      Faith    .   l - +0 kite shield
rNeg    + + .      Spirit   .   p - +0 plate armour
rPois   inf        Reflect  .   k - +2 helmet
rElec   +          Harm     .   (no cloak)
rCorr   .          Rampage  .   (no gloves)
Will    .....                   (no boots)
Stlth   ..........              (no amulet)
HPRegen 0.18/turn               j - +4 ring of evasion
MPRegen 0.13/turn               o - ring of positive energy

@: no status effects
A: sickness immunity, AC +6, negative energy resistance 1, electricity
resistance, torment resistance 1, petrification resistance
a: Renounce Religion, Heroism


You were on level 5 of the Dungeon.
You worshipped Okawaru.
Okawaru was pleased with you.
You visited 2 branches of the dungeon, and saw 8 of its levels.

You collected 317 gold pieces.
You spent 177 gold pieces at shops.


Innate Abilities, Weirdness & Mutations

You are immune to sickness and miasma.
Your stone body is resilient. (AC +6)
You are immune to poison.
You resist negative energy. (rN+)
You are resistant to electric shocks. (rElec)
You are resistant to unholy torment.
You are immune to petrification.


   Skills:
 - Level 6.0 Fighting
 - Level 8.0 Axes
 - Level 1.7 Throwing
 + Level 4.6 Armour
 - Level 1.9 Dodging
 - Level 7.5 Shields
 - Level 4.1 Invocations


You had 8 spell levels left.
You didn't know any spells.
Your spell library was empty.

Inventory:

Hand Weapons
 q - a +0 morningstar
 Y - a +4 war axe (weapon)
Missiles
 b - 5 boomerangs (quivered)
Armour
 k - a +2 helmet (worn)
 l - a +0 kite shield (worn)
 p - a +0 plate armour (worn)
Jewellery
 j - a +4 ring of evasion (left hand)
 o - a ring of positive energy (right hand)
Scrolls
 a - 4 scrolls of identify
Potions
 d - a potion of might
 f - a potion of haste
 g - 2 potions of mutation
 h - 2 potions of curing
 i - a potion of magic
 m - a potion of heal wounds

Dungeon Overview and Level Annotations

Branches:
Dungeon (7/15)             Temple (1/1) D:7

Altars:
Ashenzari
Cheibriados
Dithmenos
Elyvilon
Fedhas
Gozag
Hepliaklqana
Kikubaaqudgha
Makhleb
Nemelex Xobeh
Okawaru
Qazlal
Ru
Sif Muna
Uskayaw
Vehumet
Wu Jian
Xom
Yredelemnul
Zin
The Shining One

Shops:
D:3 ?   D:6 !(

Annotations:
D:2 1 runed translucent door, Crazy Yiuf


Message History

Enter note:
Enter note:
Enter note: You see here a +2 mace of holy wrath.
As you open the door, it creaks loudly!
You see here 3 poisoned darts.
Found a dagger and a spear.
You're in a travel-excluded area, stopping explore.
You're in a travel-excluded area, stopping explore.
6284 ||| READING scroll labelled VUKOM JANIBUCAR.
As you read the scroll labelled VUKOM JANIBUCAR, it crumbles to dust.
You assume a fearsome visage.
Nothing appears to happen.
It was a scroll of fear.
You're in a travel-excluded area, stopping explore.
You're in a travel-excluded area, stopping explore.
6285 ||| Stepping randomly (stuck).
You see here a +0 spear.
You're in a travel-excluded area, stopping explore.
You're in a travel-excluded area, stopping explore.
You're in a travel-excluded area, stopping explore.
6311 ||| Stepping randomly (stuck).
You're in a travel-excluded area, stopping explore.
You're in a travel-excluded area, stopping explore.
You're in a travel-excluded area, stopping explore.
6342 ||| Stepping randomly (stuck).
Really walk into that cloud of flame?
You are engulfed in blazing flames.
You're standing in a cloud of flame!
You are engulfed in blazing flames.
You start resting.
You're standing in a cloud of flame!
You're standing in a cloud of flame!
You are engulfed in blazing flames.
You start resting.
You're standing in a cloud of flame!
You're standing in a cloud of flame!
You are engulfed in blazing flames.
You're standing in a cloud of flame!
You are engulfed in blazing flames.
You die...

#....#...........####...##.
#....#.......)...# #...##.
#....#########.#.# #)..###
##...# ####.#.## #######
#...# ##....#.%####.....
#...# #....###)..##.....
#...# #....###.........[
#.^.#####0000##...........
#...#....@000..........###
#...#.####¤####..#...###
######..# #¤# #..###..#
#.......# ##0## #.## #...
#.......####### #.## ##. #
#..........#8# .0.#
#.....).####### #00#
#.).....# #¤## #..#
#.##.##.# #.# #..#


There were no monsters in sight!

Vanquished Creatures
  A kobold demonologist (D:7)
  Prince Ribbit (D:5)
  Grinder (D:3)
  Eustachio (D:4)
  Menkaure (D:5)
  Duvessa (D:5)
  2 ice beasts (D:6)
  A sky beast (D:6)
  A black bear (D:4)
  2 ogres
  A phantom (D:6)
  Blork the orc (D:5)
  2 scorpions
  7 wights (D:6)
  Dowan (D:5)
  7 hounds
  Jessica (D:3)
  4 iguanas
  Natasha (thrice) (D:2)
  Robin (D:2)
  6 adders
  4 gnolls (D:2)
  3 worms
  4 dart slugs
  10 orcs
  7 ball pythons
  7 bats
  13 endoplasms
  4 giant cockroaches
  15 goblins
  18 hobgoblins
  9 kobolds
  3 quokkas
  2 frilled lizards
  6 rats
151 creatures vanquished.

Vanquished Creatures (others)
  An orc wizard (D:5)
  An orc (D:5)
  2 withered plants (D:1)
4 creatures vanquished.

Grand Total: 155 creatures vanquished

Notes
Turn   | Place    | Note
-------+----------+-------------------------------------------
     0 | D:1      | qw the Gargoyle Fighter began the quest for the Orb.
     0 | D:1      | Reached XP level 1. HP: 14/14 MP: 1/1
     0 | D:1      | 0 ||| qw: Version: 0.1-a-116-g5d60599
     0 | D:1      | 0 ||| qw: Game counter: 7580
     0 | D:1      | 0 ||| qw: Always use a shield: true
     0 | D:1      | 0 ||| qw: God list: Okawaru
     0 | D:1      | 0 ||| qw: Allow faded altars: false
     0 | D:1      | 0 ||| qw: Do Orc after D:15 true
     0 | D:1      | 0 ||| qw: Do second Lair branch before Depths: true
     0 | D:1      | 0 ||| qw: Lair rune preference: random
     0 | D:1      | 0 ||| qw: Plans: Normal, Zot, God:TSO, Crypt, Tomb, Zig,
                  | Orb
     0 | D:1      | 0 ||| PLANNING D:1-11
   282 | D:1      | Reached skill level 2 in Axes
   315 | D:1      | Reached XP level 2. HP: 10/19 MP: 2/2
   337 | D:1      | 337 ||| Stepping ~*~*~tactically~*~*~ (hiding).
   651 | D:1      | 651 ||| Stepping ~*~*~tactically~*~*~ (stealth).
   905 | D:1      | Reached skill level 3 in Axes
   932 | D:1      | Reached XP level 3. HP: 23/23 MP: 3/3
  1020 | D:1      | Found a faded altar of an unknown god.
  1111 | D:1      | 1111 ||| DROPPING +0 club.
  1474 | D:1      | 1474 ||| READING 2 scrolls labelled IGGYAS HESIFIAT.
  1475 | D:1      | 1475 ||| READING scroll labelled MEDYUDEPHI.
  1476 | D:1      | 1476 ||| READING scroll labelled ASINOM SONK.
  1479 | D:1      | 1479 ||| DRINKING 2 fuming orange potions.
  1519 | D:2      | Noticed Natasha
  1520 | D:2      | 1520 ||| Stepping ~*~*~tactically~*~*~ (hiding).
  1527 | D:2      | Killed Natasha
  1528 | D:2      | Reached XP level 4. HP: 28/28 MP: 4/4
  1642 | D:2      | 1642 ||| Stepping ~*~*~tactically~*~*~ (hiding).
  1651 | D:2      | Reached skill level 4 in Axes
  1651 | D:2      | 1651 ||| Stepping ~*~*~tactically~*~*~ (stealth).
  1820 | D:2      | 1820 ||| DROPPING +0 whip.
  1831 | D:2      | 1831 ||| READING scroll of enchant weapon.
  1831 | D:2      | 1831 ||| ENCHANTING +1 war axe.
  1902 | D:2      | Found a runed translucent door.
  1903 | D:2      | Noticed Crazy Yiuf
  1977 | D:2      | Found a shadowy altar of Dithmenos.
  2053 | D:2      | Reached XP level 5. HP: 32/32 MP: 5/5
  2068 | D:2      | Noticed Natasha
  2078 | D:2      | Killed Natasha
  2297 | D:2      | Noticed Natasha
  2298 | D:2      | 2298 ||| Stepping ~*~*~tactically~*~*~ (hiding).
  2303 | D:2      | Killed Natasha
  2304 | D:2      | Reached skill level 5 in Axes
  2374 | D:2      | 2374 ||| Stepping ~*~*~tactically~*~*~ (stealth).
  2375 | D:2      | 2375 ||| Stepping ~*~*~tactically~*~*~ (stealth).
  2401 | D:2      | Noticed Robin
  2402 | D:2      | 2402 ||| Stepping ~*~*~tactically~*~*~ (stealth).
  2404 | D:2      | 2404 ||| Stepping ~*~*~tactically~*~*~ (hiding).
  2414 | D:2      | Killed Robin
  2416 | D:2      | 2416 ||| FLEEEEING.
  2417 | D:2      | 2417 ||| FLEEEEING.
  2418 | D:2      | 2418 ||| FLEEEEING.
  2419 | D:2      | 2419 ||| FLEEEEING.
  2420 | D:2      | 2420 ||| FLEEEEING.
  2421 | D:2      | 2421 ||| FLEEEEING.
  2422 | D:2      | 2422 ||| FLEEEEING.
  2423 | D:2      | 2423 ||| FLEEEEING.
  2424 | D:2      | 2424 ||| FLEEEEING.
  2425 | D:2      | 2425 ||| FLEEEEING.
  2426 | D:2      | 2426 ||| FLEEEEING.
  2427 | D:2      | 2427 ||| FLEEEEING.
  2428 | D:2      | 2428 ||| FLEEEEING.
  2429 | D:2      | 2429 ||| FLEEEEING.
  2430 | D:2      | 2430 ||| FLEEEEING.
  2431 | D:2      | 2431 ||| FLEEEEING.
  2432 | D:2      | 2432 ||| FLEEEEING.
  2433 | D:2      | 2433 ||| FLEEEEING.
  2434 | D:2      | 2434 ||| FLEEEEING.
  2435 | D:2      | 2435 ||| FLEEEEING.
  2436 | D:2      | 2436 ||| FLEEEEING.
  2437 | D:2      | 2437 ||| STAIRDANCE
  2473 | D:1      | 2473 ||| UPGRADING to +0 kite shield.
  2483 | D:1      | 2483 ||| DROPPING +0 buckler.
  2484 | D:1      | 2484 ||| DRINKING 2 green potions.
  2485 | D:1      | 2485 ||| DRINKING 2 red potions.
  2486 | D:1      | 2486 ||| READING 2 scrolls of identify.
  2486 | D:1      | 2486 ||| IDENTIFYING fizzy pink potion
  2487 | D:1      | 2487 ||| DROPPING potion of degeneration.
  2558 | D:2      | 2558 ||| Stepping ~*~*~tactically~*~*~ (stealth).
  2571 | D:2      | 2571 ||| Stepping ~*~*~tactically~*~*~ (stealth).
  2587 | D:2      | 2587 ||| READING scroll of enchant weapon.
  2587 | D:2      | 2587 ||| ENCHANTING +2 war axe.
  2895 | D:2      | 2895 ||| UPGRADING to +0 helmet.
  2900 | D:2      | 2900 ||| READING scroll labelled ZUYZUJ PUKHLAI.
  2968 | D:3      | 2968 ||| Stepping ~*~*~tactically~*~*~ (stealth).
  2986 | D:3      | Reached skill level 1 in Throwing
  2986 | D:3      | Reached XP level 6. HP: 38/38 MP: 6/6
  3002 | D:3      | Noticed Jessica
  3009 | D:3      | Killed Jessica
  3044 | D:3      | Found Giarchati's Magic Scroll Emporium.
  3051 | D:3      | Noticed Grinder
  3053 | D:3      | 3053 ||| Stepping ~*~*~tactically~*~*~ (hiding).
  3055 | D:3      | Paralysed by Grinder for 3 turns
  3058 | D:3      | 3058 ||| DRINKING potion of cancellation.
  3069 | D:3      | Killed Grinder
  3070 | D:3      | Reached XP level 7. HP: 42/42 MP: 7/7
  3149 | D:3      | 3149 ||| BUYING scroll of enchant armour (105 gold).
  3149 | D:3      | Bought a scroll of enchant armour for 105 gold pieces
  3149 | D:3      | 3149 ||| BUYING scroll of identify (28 gold).
  3149 | D:3      | Bought a scroll of identify for 28 gold pieces
  3149 | D:3      | 3149 ||| SHOPLISTING scroll of identify (28 gold, have 8).
  3149 | D:3      | 3149 ||| READING 2 scrolls of enchant armour.
  3149 | D:3      | 3149 ||| ENCHANTING +0 helmet.
  3150 | D:3      | 3150 ||| READING scroll of enchant armour.
  3150 | D:3      | 3150 ||| ENCHANTING +1 helmet.
  3245 | D:3      | Found a shimmering blue altar of Sif Muna.
  3246 | D:3      | Found a sparkling altar of Nemelex Xobeh.
  3247 | D:3      | Found an opulent altar of Gozag.
  3248 | D:3      | Found a sacrificial altar of Ru.
  3249 | D:3      | Found a burning altar of Makhleb.
  3249 | D:3      | Found a hide-covered altar of Uskayaw.
  3253 | D:3      | Found an ancient bone altar of Kikubaaqudgha.
  3341 | D:3      | 3341 ||| Stepping ~*~*~tactically~*~*~ (stealth).
  3415 | D:3      | Identified the +1 ring mail of Elyvilon's Generosity {Harm
                  | Slay+2}
  3791 | D:3      | 3791 ||| UPGRADING to +2 scale mail of poison resistance.
  3801 | D:3      | 3801 ||| DROPPING +0 scale mail.
  3802 | D:3      | 3802 ||| DROPPING +1 ring mail of Elyvilon's Generosity
                  | {Harm Slay+2}.
  3803 | D:3      | 3803 ||| UPGRADING to +4 ring of evasion.
  3804 | D:3      | 3804 ||| UPGRADING to ring of positive energy.
  3805 | D:3      | 3805 ||| READING scroll labelled SUNKI PIESUH.
  3806 | D:3      | 3806 ||| READING scroll labelled MEUVEA BUHO.
  3907 | D:3      | 3907 ||| READING scroll labelled OQOQUTREMUI.
  3908 | D:3      | 3908 ||| READING 2 scrolls of identify.
  3908 | D:3      | 3908 ||| IDENTIFYING fuming amethyst potion
  3909 | D:3      | 3909 ||| DROPPING potion of berserk rage.
  4051 | D:4      | Reached skill level 1 in Dodging
  4203 | D:4      | You fall into a shaft and drop 3 floors!
  4218 | D:7      | Found a staircase to the Ecumenical Temple.
  4219 | D:7      | 4219 ||| PLANNING TEMPLE
  4219 | D:7      | 4219 ||| READING 2 scrolls of identify.
  4219 | D:7      | 4219 ||| IDENTIFYING orange potion
  4226 | Temple   | Entered the Ecumenical Temple
  4471 | Temple   | 4471 ||| PLANNING D:1-11
  4494 | Temple   | Became a worshipper of Warmaster Okawaru
  4504 | D:7      | Noticed a kobold demonologist
  4505 | D:7      | 4505 ||| Stepping ~*~*~tactically~*~*~ (hiding).
  4512 | D:7      | Noticed a hellwing
  4516 | D:7      | Noticed a ynoxinul
  4519 | D:7      | Noticed a smoke demon
  4522 | D:7      | Killed a kobold demonologist
  4523 | D:7      | Reached skill level 6 in Axes
  4523 | D:7      | Reached XP level 8. HP: 35/48 MP: 8/8
  4639 | D:6      | 4639 ||| PLANNING SEWER
  4653 | D:6      | Reached skill level 6 in Shields
  4667 | D:6      | 4667 ||| Stepping ~*~*~tactically~*~*~ (stealth).
  4671 | D:6      | 4671 ||| Stepping ~*~*~tactically~*~*~ (hiding).
  4672 | D:6      | 4672 ||| Stepping ~*~*~tactically~*~*~ (hiding).
  4689 | D:6      | Reached * piety under Okawaru
  4690 | D:6      | Reached skill level 7 in Axes
  4690 | D:6      | 4690 ||| INVOKING Heroism.
  4862 | D:6      | 4862 ||| READING scroll of enchant weapon.
  4862 | D:6      | 4862 ||| ENCHANTING +3 war axe.
  4931 | D:6      | Found Axzutump's Weapon Boutique.
  4937 | D:6      | Found Vikhleasi's Distillery.
  4939 | D:6      | 4939 ||| BUYING +0 morningstar (44 gold).
  4939 | D:6      | Bought a +0 morningstar for 44 gold pieces
  4939 | D:6      | 4939 ||| SHOPLISTING +2 morningstar of flaming (211 gold,
                  | have 28).
  4939 | D:6      | 4939 ||| DROPPING +0 flail.
  4946 | D:6      | 4946 ||| SHOPLISTING 2 potions of curing (66 gold, have
                  | 28).
  4946 | D:6      | 4946 ||| SHOPLISTING potion of cancellation (88 gold, have
                  | 28).
  4946 | D:6      | 4946 ||| SHOPLISTING potion of curing (33 gold, have 28).
  4946 | D:6      | 4946 ||| SHOPLISTING potion of lignification (33 gold, have
                  | 28).
  4946 | D:6      | 4946 ||| SHOPLISTING potion of might (44 gold, have 28).
  4946 | D:6      | 4946 ||| SHOPLISTING potion of mutation (88 gold, have 28).
  4998 | D:6      | Reached skill level 1 in Invocations
  5086 | D:6      | Reached skill level 3 in Invocations
  5188 | D:6      | Reached XP level 9. HP: 54/54 MP: 11/11
  5206 | D:6      | 5206 ||| Stepping ~*~*~tactically~*~*~ (stealth).
  5239 | D:6      | 5239 ||| RIP SEWER
  5253 | D:6      | 5253 ||| PLANNING D:1-11
  5256 | D:6      | 5256 ||| UPGRADING to +0 plate armour.
  5266 | D:6      | 5266 ||| DROPPING +2 scale mail of poison resistance.
  5267 | D:6      | 5267 ||| DROPPING +6 ring of intelligence.
  5268 | D:6      | 5268 ||| DRINKING 2 murky dark potions.
  5269 | D:6      | 5269 ||| READING 3 scrolls of identify.
  5269 | D:6      | 5269 ||| IDENTIFYING inky potion
  5270 | D:6      | 5270 ||| DROPPING potion of flight.
  5285 | D:5      | Entered Level 5 of the Dungeon
  5334 | D:4      | Noticed Eustachio
  5335 | D:4      | 5335 ||| INVOKING Heroism.
  5357 | D:4      | Killed Eustachio
  5624 | D:4      | 5624 ||| READING 4 scrolls of identify.
  5624 | D:4      | 5624 ||| IDENTIFYING sedimented black potion
  5625 | D:4      | 5625 ||| READING 3 scrolls of identify.
  5625 | D:4      | 5625 ||| IDENTIFYING emerald potion
  5626 | D:4      | 5626 ||| DROPPING potion of brilliance.
  5636 | D:5      | Noticed Dowan
  5636 | D:5      | Noticed Duvessa
  5637 | D:5      | 5637 ||| Stepping ~*~*~tactically~*~*~ (hiding).
  5641 | D:5      | 5641 ||| INVOKING Heroism.
  5653 | D:5      | Killed Duvessa
  5659 | D:5      | Killed Dowan
  5670 | D:5      | Noticed Blork the orc
  5671 | D:5      | 5671 ||| Stepping ~*~*~tactically~*~*~ (hiding).
  5675 | D:5      | 5675 ||| INVOKING Heroism.
  5683 | D:5      | Killed Blork the orc
  5683 | D:5      | Reached ** piety under Okawaru
  5722 | D:5      | 5722 ||| INVOKING Heroism.
  5773 | D:5      | Reached skill level 8 in Axes
  5836 | D:5      | 5836 ||| Stepping ~*~*~tactically~*~*~ (stealth).
  5842 | D:5      | Noticed Prince Ribbit
  5843 | D:5      | 5843 ||| INVOKING Heroism.
  5859 | D:5      | Killed Prince Ribbit
  6002 | D:5      | 6002 ||| READING scroll of teleportation.
  6009 | D:5      | 6009 ||| Stepping randomly (stuck).
  6010 | D:5      | 6010 ||| Stepping randomly (stuck).
  6096 | D:5      | Reached skill level 6 in Fighting
  6119 | D:5      | Noticed Menkaure
  6120 | D:5      | 6120 ||| INVOKING Heroism.
  6128 | D:5      | Killed Menkaure
  6284 | D:5      | 6284 ||| READING scroll labelled VUKOM JANIBUCAR.
  6285 | D:5      | 6285 ||| Stepping randomly (stuck).
  6311 | D:5      | 6311 ||| Stepping randomly (stuck).
  6342 | D:5      | 6342 ||| Stepping randomly (stuck).
  6356 | D:5      | Engulfed by a cloud of flame

Levels and vault maps discovered:
D:1:      evilmike_arrival_rings, layout_basic, shapermc_ecumenical_altar_gd
D:2:      layout_loops_ring, basic_altar, uniq_robin, uniq_crazy_yiuf_cottage,
          uniq_natasha
D:3:      layout_loops_ring, grunt_temple_overflow_open, serial_shops,
          nicolae_shop_crystal, uniq_grinder, uniq_jessica
D:4:      layout_basic, uniq_eustachio
D:5:      layout_basic, lemuel_flamethrower_2, uniq_duvessa, uniq_blork_the_orc,
          uniq_menkaure, uniq_prince_ribbit1
D:6:      minmay_inner_zag, layout_loops_corners, portal_sewer_entry_e,
          serial_shops, nicolae_shop_temple_entry_statues_fountains, shop_statue
D:7:      layout_basic, minmay_temple_entry_tees, minmay_statues_item
Temple:   dpeg_chambers_temple

Skill      XL: |  1  2  3  4  5  6  7  8  9 |
---------------+----------------------------+-----
Axes           | 2 3 4 5 6 7 8 |  8.0
Throwing       | 1 |  1.7
Shields        | 5 6 7 |  7.5
Fighting       | 4 5 6 |  6.0
Dodging        | 1 |  1.9
Invocations    | 3 4 |  4.1
Armour         | 4 |  4.6

Action                   |  1- 3 |  4- 6 |  7- 9 || total
-------------------------+-------+-------+-------++-------
Melee: War axe           |    93 |   121 |   223 ||   437
Throw: Javelin           |       |    11 |    19 ||    30
       Boomerang         |       |       |    35 ||    35
Invok: Heroism           |       |       |     7 ||     7
  Use: Scroll            |     3 |     4 |    13 ||    20
       Potion            |     1 |     3 |     1 ||     5
Armor: Scale mail        |    41 |    57 |    59 ||   157
       Skin              |       |     5 |       ||     5
       Plate armour      |       |       |    17 ||    17
Dodge: Dodged            |    49 |    33 |    87 ||   169
Block: Buckler           |    26 |    11 |       ||    37
       Kite shield       |       |    17 |    90 ||   107

Table legend:
 A = Non-vault XP
 B = Vault XP
 C = Vault XP percentage of total XP
 D = Non-vault monster count
 E = Vault monster count
 F = Vault count percentage of total count
                 A         B        C        D         E       F
            +---------+---------+-------+---------+---------+-------
      Total |    2336 |    1634 |  41.2 |     127 |      24 |  15.9
            +---------+---------+-------+---------+---------+-------
        D:1 |      59 |       0 |   0.0 |      29 |       0 |   0.0
        D:2 |     178 |      71 |  28.5 |      30 |      12 |  28.6
        D:3 |     139 |     318 |  69.6 |      20 |       2 |   9.1
        D:4 |     345 |     203 |  37.0 |      18 |       1 |   5.3
        D:5 |     189 |     704 |  78.8 |      14 |       5 |  26.3
        D:6 |    1008 |     338 |  25.1 |      14 |       4 |  22.2
        D:7 |     418 |       0 |   0.0 |       2 |       0 |   0.0
            +---------+---------+-------+---------+---------+-------
